[Event "Titled Tuesday Blitz October 11 Early 2022"]
[White "Costachi, Mihnea"]
[Black "Van Foreest, Jorden"]
[WhiteFideId "1217518"]
[BlackFideId "1039784"]
[WhiteElo "2437"]
[BlackElo "2649"]
[Result "1/2-1/2"]
[Round "07"]
[TimeControl "180+1"]
[Date "2022.10.11"]
[WhiteClock "0:00:04"]
[BlackClock "0:00:05"]

1. d4 e6 2. c4 Nf6 3. Nf3 Bb4+ 4. Bd2 Bxd2+ 5. Qxd2 b6 6. g3 Bb7 7. Bg2 O-O 8. O-O d6 9. Nc3 Nbd7 10. Qc2 Qe7 11. e4 e5 12. Rfe1 Rfe8 13. Rad1 a6 14. Nd5 Qd8 15. dxe5 Nxe5 16. Nxe5 Rxe5 17. f4 Re8 18. Nxf6+ gxf6 19. Bh3 Bc8 20. Bxc8 Qxc8 21. Rd5 Qg4 22. Qc3 Re6 23. Kg2 Rae8 24. h3 Qg7 25. Qf3 f5 26. e5 c6 27. Rd2 dxe5 28. fxe5 Rxe5 29. Rxe5 Qxe5 30. Qxc6 f4 31. Qf3 fxg3 32. Qxg3+ Qxg3+ 33. Kxg3 Re6 34. Kf4 Kf8 35. b3 Ke7 36. h4 Rf6+ 37. Kg5 Rg6+ 38. Kf5 Rf6+ 39. Kg5 Rg6+ 40. Kf5 a5 41. Rd5 Rg2 42. Rb5 Rf2+ 43. Kg5 Rxa2 44. Rxb6 a4 45. bxa4 Rxa4 46. Rc6 Ra5+ 47. Kh6 f5 48. Kg5 Re5 49. Rh6 Rc5 50. Rxh7+ Ke6 51. Ra7 Rxc4 52. Ra6+ Ke5 53. Ra5+ Ke6 54. Ra6+ Ke5 55. Ra5+ Ke6 56. Rxf5 Rxh4 57. Rf6+ Ke7 58. Kxh4 Kxf6 1/2-1/2


[Site "https://www.chess.com"]

[Event "Titled Tuesday Blitz October 11 Early 2022"]
[White "D`Arruda, Ricardo D."]
[Black "Valle Maytin, Luis Enrique"]
[WhiteFideId "100692"]
[BlackFideId "3503666"]
[WhiteElo "2418"]
[BlackElo "2225"]
[Result "1-0"]
[Round "07"]
[TimeControl "180+1"]
[Date "2022.10.12"]
[WhiteClock "0:00:06"]
[BlackClock "0:00:10"]

1. d4 Nf6 2. Nf3 d5 3. c4 e6 4. Nc3 Bb4 5. e3 O-O 6. Bd3 Ne4 7. Qc2 f5 8. O-O c6 9. Ne5 Nd7 10. Nxd7 Bxd7 11. f3 Nd6 12. Ne2 Be8 13. b3 g5 14. Bd2 Bxd2 15. Qxd2 Bg6 16. c5 Nf7 17. f4 Bh5 18. Ng3 Bg6 19. b4 a6 20. a4 h5 21. fxg5 Qxg5 22. Ne2 Rae8 23. Nf4 Bh7 24. Rf3 Kh8 25. Rg3 Qh6 26. Rh3 h4 27. g3 Ng5 28. Kg2 Nxh3 29. Nxh3 e5 30. dxe5 Rxe5 31. Nf4 Rfe8 32. Re1 Qg7 33. Bc2 hxg3 34. hxg3 Rg8 35. Qf2 Qe7 36. Nd3 Re4 37. Nf4 Rxb4 38. Rh1 Rg5 39. Rh6 Rb2 40. Kf3 Qg7 41. Re6 Kg8 42. Re8+ Kf7 43. Rc8 Rxg3+ 44. Qxg3 Qxg3+ 45. Kxg3 Rxc2 46. Rc7+ Kg8 47. Nh5 Bg6 48. Nf6+ Kh8 49. Kf4 Rg2 50. Rxb7 Rg1 51. Rb6 Rf1+ 52. Ke5 Bf7 53. Rxc6 Kg7 54. Nd7 Rc1 55. Rc7 d4 56. exd4 Kg6 57. Nf8+ Kg7 58. Ne6+ Kg6 59. Nf4+ Kg5 60. Rxf7 Re1+ 61. Kd5 Kxf4 62. c6 Rc1 63. c7 Rc2 64. Kd6 Ke3 65. Rf8 f4 66. c8=Q Rxc8 67. Rxc8 Kxd4 68. Rf8 Ke3 69. Kc6 f3 70. Kb6 f2 71. Rxf2 Kxf2 72. Kxa6 Ke3 73. Kb7 Kd4 74. a5 Kc4 75. a6 1-0


[Site "https://www.chess.com"]

[Event "Titled Tuesday Blitz October 11 Early 2022"]
[White "De Souza, Cristiano Gomes"]
[Black "Petesch, Gabriel"]
[WhiteFideId "2151758"]
[BlackFideId "2032465"]
[WhiteElo "2068"]
[BlackElo "2374"]
[Result "0-1"]
[Round "07"]
[TimeControl "180+1"]
[Date "2022.10.12"]
[WhiteClock "0:00:30"]
[BlackClock "0:00:44"]

1. d4 Nf6 2. c4 b5 3. cxb5 a6 4. bxa6 Bxa6 5. g3 Bb7 6. Nf3 e5 7. dxe5 Bb4+ 8. Bd2 Nd5 9. Bg2 O-O 10. O-O Nc6 11. Bxb4 Ndxb4 12. Nc3 d6 13. exd6 cxd6 14. a3 Na6 15. Nd4 Qd7 16. Rc1 Nxd4 17. Bxb7 Qxb7 18. Qxd4 Qxb2 19. Qxd6 Rfd8 20. Qf4 Qxa3 21. Ne4 Qe7 22. e3 Re8 23. Nc3 Nb4 24. Rfd1 Rac8 25. Ne2 Rxc1 26. Nxc1 h6 27. Qd4 Rc8 28. Ne2 Nc6 29. Qd7 Rd8 30. Qxc6 Rxd1+ 31. Kg2 Rd6 32. Qc8+ Rd8 33. Qf5 g6 34. Qf3 Rd6 35. Nd4 Kh7 36. h4 Rf6 37. Qg4 h5 38. Qg5 Qe4+ 39. Kg1 Rb6 40. f3 Qb1+ 41. Kf2 Rb2+ 42. Ne2 Qd3 0-1


[Site "https://www.chess.com"]

[Event "Titled Tuesday Blitz October 11 Early 2022"]
[White "Demin, Vladimir"]
[Black "Sonnenschein, Philipp"]
[WhiteFideId "4167457"]
[BlackFideId "16250877"]
[WhiteElo "2564"]
[BlackElo "2225"]
[Result "1-0"]
[Round "07"]
[TimeControl "180+1"]
[Date "2022.10.12"]
[WhiteClock "0:00:29"]
[BlackClock "0:00:02"]

1. d4 Nf6 2. Nc3 d5 3. Bf4 c5 4. e4 dxe4 5. dxc5 Qxd1+ 6. Rxd1 Bg4 7. f3 exf3 8. Nxf3 e6 9. Nb5 Na6 10. Nd6+ Bxd6 11. Bb5+ Nd7 12. Rxd6 O-O-O 13. c6 Ndb8 14. cxb7+ Kxb7 15. Ng5 Rxd6 16. Bxd6 f6 17. Ne4 Rd8 18. O-O Bf5 19. Nc5+ Nxc5 20. Bxc5 Rd5 21. b4 Bxc2 22. Bc4 Re5 23. Rc1 Be4 24. Bd4 Rg5 25. g3 Nc6 26. Bc5 e5 27. Kf2 Nd4 28. Ke3 Bc6 29. b5 Bd7 30. a4 a6 31. bxa6+ Ka8 32. a7 Bc6 33. Rb1 1-0


[Site "https://www.chess.com"]

[Event "Titled Tuesday Blitz October 11 Early 2022"]
[White "Donchenko, Alexander"]
[Black "Krysa, Leandro"]
[WhiteFideId "24603295"]
[BlackFideId "116807"]
[WhiteElo "2572"]
[BlackElo "2486"]
[Result "1/2-1/2"]
[Round "07"]
[TimeControl "180+1"]
[Date "2022.10.11"]
[WhiteClock "0:01:43"]
[BlackClock "0:00:08"]

1. Nf3 g6 2. g3 Bg7 3. d4 c5 4. dxc5 Qa5+ 5. Nbd2 Qxc5 6. Bg2 d6 7. O-O Nf6 8. b3 O-O 9. Bb2 Qc7 10. c4 b6 11. e4 Bb7 12. e5 dxe5 13. Bxe5 Qc8 14. Qe2 Nc6 15. Bc3 Rd8 16. Rad1 Qc7 17. Rfe1 Rd7 18. Ne5 Nxe5 19. Bxe5 Qc8 20. Nf3 Bc6 21. Nd4 Bxg2 22. Kxg2 Qb7+ 23. Qf3 Qxf3+ 24. Nxf3 Rad8 25. Rxd7 Rxd7 26. Kf1 e6 27. Ke2 Ne4 28. Ke3 Nc3 29. Bxc3 Bxc3 30. Rc1 Bb4 31. Ke2 f5 32. Rd1 Rxd1 33. Kxd1 Bc3 34. Kc2 Bf6 35. Kd3 e5 36. Ne1 e4+ 37. Ke2 Kf7 38. f3 exf3+ 39. Nxf3 Ke6 40. Kd3 g5 41. Nd4+ Bxd4 42. Kxd4 a5 43. a3 Kd6 44. b4 axb4 45. axb4 h5 46. h4 gxh4 47. gxh4 Ke6 48. c5 bxc5+ 49. bxc5 Kd7 50. Ke5 Kc6 51. Kxf5 Kxc5 52. Kg5 Kd6 53. Kxh5 Ke7 54. Kg6 Kf8 55. Kh7 Kf7 56. h5 Kf8 57. h6 Kf7 58. Kh8 Kf8 59. h7 Kf7 1/2-1/2


[Site "https://www.chess.com"]

[Event "Titled Tuesday Blitz October 11 Early 2022"]
[White "Durarbayli, Vasif"]
[Black "Mindlin, Alon"]
[WhiteFideId "13402935"]
[BlackFideId "2800071"]
[WhiteElo "2586"]
[BlackElo "2417"]
[Result "1-0"]
[Round "07"]
[TimeControl "180+1"]
[Date "2022.10.11"]
[WhiteClock "0:00:43"]
[BlackClock "0:01:07"]

1. e4 e5 2. Nf3 Nc6 3. Bc4 Nf6 4. d3 Be7 5. O-O d6 6. a4 O-O 7. Re1 Be6 8. Bxe6 fxe6 9. c3 Qd7 10. b4 Bd8 11. Be3 Ng4 12. Nbd2 Nxe3 13. Rxe3 Ne7 14. Qb3 Ng6 15. g3 a5 16. b5 c6 17. bxc6 bxc6 18. h4 h5 19. Rf1 Ra7 20. Nc4 Rb7 21. Qd1 Bc7 22. Ng5 d5 23. Qxh5 Rf6 24. Nd2 Rb2 25. Ndf3 Bb6 26. d4 exd4 27. cxd4 e5 28. dxe5 Nf4 29. Qh7+ Kf8 30. exf6 Bxe3 31. Qh8# 1-0


[Site "https://www.chess.com"]

[Event "Titled Tuesday Blitz October 11 Early 2022"]
[White "Dushyant Sharma"]
[Black "Fernandez Garcia, Gumersindo"]
[WhiteFideId "25065130"]
[BlackFideId "24516740"]
[WhiteElo "2270"]
[BlackElo "2072"]
[Result "0-1"]
[Round "07"]
[TimeControl "180+1"]
[Date "2022.10.12"]
[WhiteClock "0:00:16"]
[BlackClock "0:00:27"]

1. e4 c5 2. Nf3 g6 3. d4 cxd4 4. Nxd4 Bg7 5. f4 Nc6 6. Nf3 d6 7. Nc3 Nf6 8. Bd3 O-O 9. O-O Ng4 10. a3 Qb6+ 11. Kh1 Nf2+ 12. Rxf2 Qxf2 13. Nd5 Bd4 14. Nxd4 Qxd4 15. Be3 Qxb2 16. Rb1 Qg7 17. f5 f6 18. Qe1 Ne5 19. Nc7 Rb8 20. Bxa7 Bd7 21. Bxb8 Rxb8 22. Nd5 Bc6 23. Nb4 Ra8 24. Nxc6 bxc6 25. Qc3 Qh6 26. h3 Kf8 27. Rb7 Qc1+ 28. Kh2 Qxa3 29. Qd2 g5 30. Qe2 Qc1 31. Qh5 Qf4+ 32. g3 Qf2+ 0-1


[Site "https://www.chess.com"]

[Event "Titled Tuesday Blitz October 11 Early 2022"]
[White "Dwilewicz, Katarzyna"]
[Black "Osiecki, Stanislaw"]
[WhiteFideId "1148486"]
[BlackFideId "1102990"]
[WhiteElo "2023"]
[BlackElo "2088"]
[Result "1-0"]
[Round "07"]
[TimeControl "180+1"]
[Date "2022.10.12"]
[WhiteClock "0:01:15"]
[BlackClock "0:00:01"]

1. e4 e6 2. d4 d5 3. Nd2 c5 4. Ngf3 cxd4 5. Nxd4 Nc6 6. Bb5 Bd7 7. Nxc6 bxc6 8. Bd3 d4 9. O-O e5 10. Qh5 Qf6 11. Nc4 Bd6 12. Bg5 Qe6 13. Nxd6+ Qxd6 14. f4 h6 15. fxe5 Qg6 16. Qxg6 fxg6 17. Bd2 Ne7 18. Bb4 Be6 19. Bc5 Rd8 20. Bxa7 Rf8 21. Bc5 Rxf1+ 22. Kxf1 g5 23. g3 Ng6 24. Bd6 Ra8 25. a4 Kd7 26. b4 h5 27. a5 h4 28. Kg2 h3+ 29. Kf2 Ne7 30. Bc5 Nc8 31. Bxd4 Na7 32. c4 Bg4 33. Ke3 1-0


[Site "https://www.chess.com"]

[Event "Titled Tuesday Blitz October 11 Early 2022"]
[White "Fernandez De La Vara, Arnaldo"]
[Black "Manukian, Artak"]
[WhiteFideId "3518388"]
[BlackFideId "13301373"]
[WhiteElo "2387"]
[BlackElo "2509"]
[Result "0-1"]
[Round "07"]
[TimeControl "180+1"]
[Date "2022.10.12"]
[WhiteClock "0:00:02"]
[BlackClock "0:00:08"]

1. Nf3 g6 2. b3 Bg7 3. d4 d5 4. Bb2 Nf6 5. g3 O-O 6. Bg2 Bg4 7. O-O Qc8 8. Re1 Bh3 9. c4 Bxg2 10. Kxg2 c6 11. Nc3 Nbd7 12. Rc1 Qd8 13. Qc2 Nb6 14. c5 Nbd7 15. b4 a6 16. h4 h5 17. e4 dxe4 18. Ng5 Re8 19. Rcd1 e6 20. Bc1 Nd5 21. Ncxe4 N7f6 22. Nd6 Re7 23. a3 Nh7 24. Re2 Nxg5 25. Bxg5 Bf6 26. Bc1 Rd7 27. Ne4 Be7 28. g4 hxg4 29. h5 gxh5 30. Rh1 h4 31. Nd6 Bxd6 32. cxd6 Rxd6 33. Qe4 f5 34. Qe5 h3+ 35. Kf1 Qe7 36. f3 Rad8 37. fxg4 fxg4 38. Re4 Qf6+ 39. Ke1 Qxe5 40. dxe5 R6d7 41. Rxg4+ Rg7 42. Rxg7+ Kxg7 43. Rxh3 Kg6 44. Rg3+ Kf5 45. Rg5+ Ke4 46. Rg7 b5 47. Rg6 Kxe5 48. Bb2+ Kf5 49. Rg7 Nf4 50. Rf7+ Ke4 51. Bc3 Rd3 52. Bd2 e5 53. Rc7 Kd5 54. Rd7+ Ke6 55. Rc7 Kd6 56. Rh7 Rxa3 57. Kf2 Nd3+ 58. Ke2 Nf4+ 59. Kf2 Kd5 60. Rh6 Rh3 0-1


[Site "https://www.chess.com"]

[Event "Titled Tuesday Blitz October 11 Early 2022"]
[White "Fernandez Siles, Luis"]
[Black "Mills, Morgen"]
[WhiteFideId "2209420"]
[BlackFideId "2013304"]
[WhiteElo "2186"]
[BlackElo "2200"]
[Result "1-0"]
[Round "07"]
[TimeControl "180+1"]
[Date "2022.10.12"]
[WhiteClock "0:00:16"]
[BlackClock "0:00:07"]

1. e4 c6 2. d4 d5 3. exd5 cxd5 4. c4 e6 5. Nc3 Nf6 6. Nf3 Be7 7. cxd5 exd5 8. h3 Nc6 9. Bd3 h6 10. O-O Be6 11. Re1 O-O 12. a3 a6 13. Bc2 Rc8 14. Qd3 b5 15. Ne5 b4 16. Ne2 bxa3 17. bxa3 Ne4 18. f3 Nxe5 19. dxe5 Bc5+ 20. Kh2 Bf2 21. Rf1 Bf5 22. Rxf2 Ng3 23. Nxg3 Bxd3 24. Bxd3 a5 25. Nf5 Rc3 26. Rd2 Qb8 27. f4 Rd8 28. Bb2 Rb3 29. Bd4 Rd7 30. a4 Rb4 31. Bb5 Rc7 32. Rad1 Kh7 33. Nd6 g6 34. Be8 Kg7 35. e6+ f6 36. Bd7 Rxd7 37. exd7 Qxd6 38. Bc5 Qxd7 39. Bxb4 axb4 40. Rxd5 Qxa4 41. Rd7+ Kf8 42. R1d4 Qa5 43. Rh7 Ke8 44. Re4+ Kf8 45. Rc4 Kg8 46. Rcc7 Qa8 47. Rcg7+ Kf8 48. Rh8+ Kxg7 49. Rxa8 1-0


[Site "https://www.chess.com"]

[Event "Titled Tuesday Blitz October 11 Early 2022"]
[White "Flis, Pawel"]
[Black "Ali Abdullahi, Farah"]
[WhiteFideId "1112864"]
[BlackFideId "16100212"]
[WhiteElo "1836"]
[BlackElo "2287"]
[Result "1-0"]
[Round "07"]
[TimeControl "180+1"]
[Date "2022.10.12"]
[WhiteClock "0:01:01"]
[BlackClock "0:01:55"]

1. Nf3 d5 2. g3 Nf6 3. Bg2 Bg4 4. O-O Bxf3 5. Bxf3 e6 6. d3 Be7 7. c4 O-O 8. b3 c6 9. Bb2 Nbd7 10. Nd2 h6 11. e4 dxe4 12. dxe4 Nc5 13. e5 Nfd7 14. Ne4 Nxe4 15. Bxe4 Nc5 16. Bc2 a5 17. Qh5 Re8 18. Rad1 Qc7 19. Rd4 f5 20. exf6 Bxf6 21. Qg6 Rad8 22. Qh7+ Kf8 23. Rxd8 Qxd8 24. Rd1 Qe7 25. Bg6 Qc7 26. Bxf6 gxf6 27. Qxc7 1-0


[Site "https://www.chess.com"]

[Event "Titled Tuesday Blitz October 11 Early 2022"]
[White "Gabrielian, Artur"]
[Black "Sarana, Alexey"]
[WhiteFideId "4131002"]
[BlackFideId "24133795"]
[WhiteElo "2432"]
[BlackElo "2689"]
[Result "1-0"]
[Round "07"]
[TimeControl "180+1"]
[Date "2022.10.11"]
[WhiteClock "0:00:04"]
[BlackClock "0:00:10"]

1. e4 c5 2. Nf3 d6 3. d4 cxd4 4. Nxd4 Nf6 5. Nc3 a6 6. Bd3 g6 7. O-O Bg7 8. Kh1 O-O 9. f4 Nc6 10. Nf3 Nb4 11. Qe1 e6 12. a3 Nxd3 13. cxd3 b5 14. Qh4 Nh5 15. Qh3 f5 16. e5 dxe5 17. Nxe5 Bb7 18. Qe3 Qd6 19. d4 Rfd8 20. Ne2 Rac8 21. Bd2 Rc2 22. Bb4 Qd5 23. Nf3 Nf6 24. Nc3 Qb3 25. Nd2 Ng4 26. Qe1 Bxd4 27. h3 Ne3 28. Rf2 Nxg2 29. Rxg2 Bxg2+ 30. Kxg2 Qxb2 31. Ra2 Qb3 32. Rxc2 Qxc2 33. Qxe6+ Kh8 34. Nd5 Qa2 35. Nc7 Qc2 36. Qe7 Rg8 37. Ne6 Qc6+ 38. Kh2 a5 39. Nxd4 Qd5 40. Qf6+ Rg7 41. Bc3 Kg8 42. Ne6 Rd7 43. Qh8+ Kf7 44. Ng5+ Ke7 45. Qf6+ Ke8 46. Qh8+ Ke7 47. Qxh7+ Kd8 48. Qh8+ Kc7 49. Qe5+ Kb7 50. Qxd5+ Rxd5 51. Ngf3 Kb6 52. Kg3 Rd3 53. Bb2 Kc5 54. Kf2 b4 55. axb4+ Kxb4 56. Ke2 Rd6 57. Be5 Rd8 58. Nd4 Rd7 59. Nc6+ Kb5 60. Nd4+ Kb4 61. h4 a4 62. Nc6+ Kb5 63. Nd4+ Kb4 64. Kd3 a3 65. Kc2 Rb7 66. Nc6+ Kc5 67. Nd4 Rh7 68. N4b3+ Kd5 69. Bf6 Rc7+ 70. Kb1 Rc6 71. Bg5 Ra6 72. Ka2 Ra8 73. Nb1 Kc4 74. Nxa3+ Kc3 75. Bf6+ Kb4 76. Be7+ Kc3 77. Nc5 Ra7 78. Bf6+ Kb4 79. Nd3+ Ka4 80. Nb2+ Ka5 81. Kb3 Rb7+ 82. Kc2 Rf7 83. Nac4+ Kb4 84. Bg5 Rc7 85. Kd3 Rc6 86. Kd4 Kb3 87. Kd5 Ra6 88. Ke5 Kc3 89. Kd5 Kb3 90. Nd3 Kc3 91. Nc5 Ra8 92. Ne5 Rg8 93. Ke6 Kd4 94. Ncd7 Ke4 95. Kf7 Rh8 96. Kxg6 Rxh4 97. Bxh4 Kxf4 98. Bg5+ Ke4 99. Nf7 f4 100. Nd6+ Kd5 101. Bxf4 Ke6 102. Nb6 Ke7 103. Ne4 Ke6 104. Nc5+ Ke7 105. Be5 Kd8 106. Nd5 Kc8 107. Kf5 Kd8 108. Ke6 Kc8 109. Ne4 Kb7 110. Kd7 Ka6 111. Nec3 Kb7 112. Bc7 Ka6 113. Kc6 Ka7 114. Bb6+ Kb8 115. Nc7 Kc8 116. N7b5 Kb8 117. Nd5 Ka8 118. Ndc7+ Kb8 119. Na6+ Ka8 120. Nbc7# 1-0


[Site "https://www.chess.com"]

[Event "Titled Tuesday Blitz October 11 Early 2022"]
[White "Garv Gaur"]
[Black "Matinian, Nikita"]
[WhiteFideId "45030839"]
[BlackFideId "24129100"]
[WhiteElo "1960"]
[BlackElo "2422"]
[Result "1/2-1/2"]
[Round "07"]
[TimeControl "180+1"]
[Date "2022.10.12"]
[WhiteClock "0:00:09"]
[BlackClock "0:00:13"]

1. d4 Nf6 2. Nf3 e6 3. c4 Bb4+ 4. Bd2 a5 5. g3 O-O 6. Bg2 d5 7. O-O dxc4 8. Qc2 b5 9. a4 bxa4 10. e3 Bb7 11. Rc1 Bd5 12. Na3 Nbd7 13. Nxc4 c5 14. Nfe5 Nxe5 15. dxe5 Ng4 16. Bxb4 cxb4 17. h3 Rc8 18. Bxd5 exd5 19. hxg4 Rxc4 20. Qxa4 Rxg4 21. Qxa5 Qd7 22. Rc5 h5 23. Rxd5 Qf5 24. e6 Qf6 25. e7 Qxe7 26. Rxh5 g6 27. Qe5 Qxe5 28. Rxe5 Rc4 29. Ra4 Rd8 30. Rb5 Rd2 31. Raxb4 Rcc2 32. Rf4 Rxb2 33. Rxb2 Rxb2 34. Kg2 Kg7 35. Kf3 Rb5 36. Ra4 Rb2 37. g4 Kf6 38. Kg3 Kg7 39. f3 Re2 40. Kf4 Rb2 41. e4 Rb3 42. g5 Rc3 43. Kg4 Re3 44. Ra7 Re1 45. Ra4 Re2 46. f4 Re1 47. f5 Rg1+ 48. Kf4 gxf5 49. exf5 Rf1+ 50. Ke5 Rg1 51. g6 fxg6 52. Ra7+ Kh6 53. Ra6 Re1+ 54. Kd4 Kg5 55. fxg6 Kh6 56. Kd5 Rg1 57. Ke5 Rxg6 58. Rxg6+ Kxg6 1/2-1/2


[Site "https://www.chess.com"]

[Event "Titled Tuesday Blitz October 11 Early 2022"]
[White "Glavina, Pablo"]
[Black "Haukenfrers, Dale"]
[WhiteFideId "100234"]
[BlackFideId "2603780"]
[WhiteElo "2351"]
[BlackElo "1962"]
[Result "0-1"]
[Round "07"]
[TimeControl "180+1"]
[Date "2022.10.12"]
[WhiteClock "0:00:09"]
[BlackClock "0:00:57"]

1. d4 c6 2. c4 d6 3. Nc3 g6 4. e4 Bg7 5. Nf3 Bg4 6. Be2 Qb6 7. d5 Nf6 8. Qc2 O-O 9. Be3 Qc7 10. Rc1 Rc8 11. O-O Nbd7 12. h3 Bxf3 13. Bxf3 cxd5 14. cxd5 b5 15. Qb3 Nc5 16. Bxc5 Qxc5 17. Qxb5 Rab8 18. Qxc5 Rxc5 19. b3 Ra5 20. Na4 Rb4 21. Rc8+ Bf8 22. Rfc1 h5 23. Ra8 Nd7 24. Rc7 Nb6 25. Nxb6 axb6 26. Rxa5 bxa5 27. Rc4 Rxc4 28. bxc4 Kg7 29. Bd1 Kf6 30. f4 g5 31. g3 h4 32. gxh4 gxf4 33. Kf2 Ke5 34. Kf3 Bg7 35. Ba4 Bh6 36. Be8 Kd4 37. Bxf7 Kxc4 38. a4 Kd4 39. Be8 Ke5 40. Bg6 Bg7 41. Kg4 Bh6 42. Bf5 Bg7 43. Kh5 f3 44. Bg4 f2 45. Be2 Kxe4 46. Kg6 Bc3 47. h5 Bd2 48. h6 Kxd5 49. h7 Bc3 50. Kf7 e6 51. Kg8 Ke4 52. h8=Q Bxh8 53. Kxh8 d5 54. Kg7 d4 55. h4 d3 56. Bf1 d2 57. Be2 f1=Q 58. Bxf1 d1=Q 59. Bg2+ Ke5 60. h5 0-1


[Site "https://www.chess.com"]

[Event "Titled Tuesday Blitz October 11 Early 2022"]
[White "Goryachkina, Aleksandra"]
[Black "Villamayor, Buenaventura"]
[WhiteFideId "4147103"]
[BlackFideId "5200393"]
[WhiteElo "2484"]
[BlackElo "2301"]
[Result "1-0"]
[Round "07"]
[TimeControl "180+1"]
[Date "2022.10.12"]
[WhiteClock "0:00:13"]
[BlackClock "0:00:03"]

1. e4 c5 2. Nf3 Nc6 3. Bb5 g6 4. O-O Bg7 5. Re1 e5 6. b4 cxb4 7. a3 Nge7 8. axb4 O-O 9. Bb2 a6 10. Bxc6 Nxc6 11. b5 Nd4 12. Nxd4 exd4 13. bxa6 bxa6 14. Na3 Bb7 15. d3 Qg5 16. Nc4 d5 17. Na5 Bc8 18. Qf3 Bg4 19. Qg3 Be5 20. Bc1 Qh5 21. Bf4 Bf6 22. h3 Be6 23. e5 Bd8 24. Nc6 Rc8 25. Nxd8 Rfxd8 26. Bg5 Re8 27. Ra2 h6 28. Bf6 Qf5 29. Qh4 h5 30. Qxd4 Bd7 31. Re3 Rb8 32. Rf3 Qe6 33. Ra1 Kh7 34. c3 Bb5 35. Qf4 Rb7 36. Rg3 Rc8 37. Qd2 Rbc7 38. Rc1 d4 39. c4 Bc6 40. Rg5 Ba8 41. Qe2 Kg8 42. Qxh5 1-0


[Site "https://www.chess.com"]

[Event "Titled Tuesday Blitz October 11 Early 2022"]
[White "Grot, Blazej"]
[Black "Kuchava, Ana"]
[WhiteFideId "21835845"]
[BlackFideId "13605348"]
[WhiteElo "1739"]
[BlackElo "2001"]
[Result "1-0"]
[Round "07"]
[TimeControl "180+1"]
[Date "2022.10.12"]
[WhiteClock "0:01:43"]
[BlackClock "0:00:01"]

1. e4 c5 2. Nf3 d6 3. Bb5+ Bd7 4. Bxd7+ Qxd7 5. O-O Nc6 6. c3 Nf6 7. Re1 e6 8. d4 cxd4 9. cxd4 d5 10. e5 Ne4 11. Nbd2 Nxd2 12. Bxd2 Be7 13. Rc1 O-O 14. Rc3 Rac8 15. a3 b5 16. Rd3 a5 17. h4 b4 18. Nh2 f5 19. exf6 Bxf6 20. Nf3 bxa3 21. bxa3 Qd6 22. Bg5 Kh8 23. Bxf6 gxf6 24. Rde3 Rfe8 25. Qe2 Nd8 26. Nh2 Rg8 27. Qf3 f5 28. Nf1 a4 29. Ng3 f4 30. Nh5 Qe7 31. Qxf4 Rc2 32. Qe5+ Rg7 33. Rg3 Rc7 34. Nxg7 Nc6 35. Qxe6 Qxe6 36. Nxe6 1-0


[Site "https://www.chess.com"]

[Event "Titled Tuesday Blitz October 11 Early 2022"]
[White "Gubanov, Oleg"]
[Black "Vlassov, Nikolai"]
[WhiteFideId "14115115"]
[BlackFideId "4103360"]
[WhiteElo "2158"]
[BlackElo "2324"]
[Result "0-1"]
[Round "07"]
[TimeControl "180+1"]
[Date "2022.10.12"]
[WhiteClock "0:00:18"]
[BlackClock "0:01:30"]

1. d4 Nf6 2. c4 Nc6 3. Nf3 e6 4. Nc3 Bb4 5. e3 Bxc3+ 6. bxc3 O-O 7. Bd3 b6 8. e4 Ne8 9. e5 f5 10. exf6 Nxf6 11. O-O Ba6 12. Qe2 Na5 13. Bg5 Rc8 14. Ne5 Qe8 15. c5 Bxd3 16. Nxd3 Qh5 17. Qxh5 Nxh5 18. Be3 Nc4 19. a4 Nf6 20. Rab1 Nd5 21. cxb6 axb6 22. Rfc1 Ndxe3 23. fxe3 Nxe3 24. a5 bxa5 25. Rb7 Nd5 26. c4 Nf4 27. Nxf4 Rxf4 28. d5 exd5 29. cxd5 Rd4 30. Rb5 a4 31. Kf2 c6 32. Ra5 Rf8+ 33. Ke3 Rxd5 34. Rxd5 cxd5 35. Ra1 Ra8 36. Kd4 Ra5 0-1


[Site "https://www.chess.com"]

[Event "Titled Tuesday Blitz October 11 Early 2022"]
[White "Haitin, Ilja"]
[Black "Aggelis, Nikolaos"]
[WhiteFideId "4501764"]
[BlackFideId "4213220"]
[WhiteElo "2221"]
[BlackElo "2187"]
[Result "1-0"]
[Round "07"]
[TimeControl "180+1"]
[Date "2022.10.12"]
[WhiteClock "0:00:45"]
[BlackClock "0:01:26"]

1. e4 c6 2. d4 g6 3. Nc3 d5 4. e5 h5 5. f4 Nh6 6. Nf3 Bg4 7. Be3 Nf5 8. Bf2 e6 9. h3 Bxf3 10. Qxf3 Qb6 11. O-O-O a6 12. g4 Ng7 13. Bd3 c5 14. dxc5 Qa5 15. f5 hxg4 16. hxg4 Rxh1 17. Rxh1 gxf5 18. gxf5 Nc6 19. f6 Nxe5 20. fxg7 Bxg7 21. Qg3 Nxd3+ 22. Qxd3 Bxc3 23. Qxc3 Qxc3 24. bxc3 O-O-O 25. Rh7 Rf8 26. c6 bxc6 27. Bc5 Rd8 28. Rxf7 Rd7 29. Rf6 Kc7 30. Rxe6 Rh7 31. Re7+ Rxe7 32. Bxe7 Kb6 33. Kb2 Kb5 34. Kb3 c5 35. Bf8 c4+ 36. Ka3 a5 37. Bg7 a4 38. Bf8 Ka5 39. Be7 Kb5 40. Bb4 1-0


[Site "https://www.chess.com"]

[Event "Titled Tuesday Blitz October 11 Early 2022"]
[White "Hajiyev, Kanan"]
[Black "Malyi, Viacheslav"]
[WhiteFideId "13404148"]
[BlackFideId "14123983"]
[WhiteElo "2118"]
[BlackElo "2291"]
[Result "1-0"]
[Round "07"]
[TimeControl "180+1"]
[Date "2022.10.12"]
[WhiteClock "0:00:48"]
[BlackClock "0:01:08"]

1. d4 d5 2. Nf3 Nf6 3. c4 e6 4. cxd5 exd5 5. Nc3 Be7 6. Bg5 c6 7. Qc2 Nbd7 8. e3 Nh5 9. Bxe7 Qxe7 10. Be2 g6 11. O-O O-O 12. Rab1 Nhf6 13. b4 Ne4 14. b5 Ndf6 15. bxc6 bxc6 16. Ne5 Bf5 17. Bd3 Qd6 18. Na4 Rfc8 19. Rfc1 c5 20. Nxc5 Nxc5 21. Bxf5 Ncd7 22. Qxc8+ Rxc8 23. Rxc8+ Kg7 24. Bxd7 Nxd7 25. Rd8 Qa6 26. Rxd7 Qxa2 27. Rxf7+ Kh6 28. Rfb7 a5 29. h4 a4 30. g4 Qc2 31. Nf7+ Kg7 32. Ng5+ Kf6 33. Rf7# 1-0


[Site "https://www.chess.com"]

[Event "Titled Tuesday Blitz October 11 Early 2022"]
[White "Hambleton, Aman"]
[Black "Borgaonkar Akshay"]
[WhiteFideId "2606577"]
[BlackFideId "25639110"]
[WhiteElo "2538"]
[BlackElo "2063"]
[Result "1-0"]
[Round "07"]
[TimeControl "180+1"]
[Date "2022.10.12"]
[WhiteClock "0:00:04"]
[BlackClock "0:00:03"]

1. d4 Nf6 2. c4 g6 3. Nc3 Bg7 4. e4 O-O 5. Bd3 d6 6. Nge2 c5 7. d5 e6 8. h3 exd5 9. exd5 Re8 10. O-O Nbd7 11. f4 a6 12. a4 h5 13. Bd2 Qe7 14. Be1 Nh7 15. Bf2 f5 16. Qc2 Ndf6 17. Rfe1 Qf7 18. a5 Bd7 19. Kf1 Ne4 20. Nxe4 fxe4 21. Bxe4 Nf8 22. Bd3 Re7 23. Qd2 Rae8 24. Ng3 Rxe1+ 25. Rxe1 Rxe1+ 26. Bxe1 Be5 27. Ne2 g5 28. Bg3 h4 29. Bh2 g4 30. Ke1 g3 31. Bxg3 hxg3 32. fxe5 Qf2+ 33. Kd1 Ba4+ 34. b3 Bxb3+ 35. Kc1 dxe5 36. Qg5+ Kf7 37. Qxg3 Qxg3 38. Nxg3 Ba4 39. Ne4 Nd7 40. Kd2 Ke7 41. Be2 b5 42. axb6 Nxb6 43. Nxc5 Be8 44. Nxa6 Na4 45. Ke3 Kd6 46. Nb4 Nc3 47. Bd3 Kc5 48. Na6+ Kd6 49. Nb4 Kc5 50. Nc2 Na4 51. Ne1 Nc3 52. Be2 Na4 53. Nd3+ Kxc4 54. Nxe5+ Kxd5 55. Nd3 Ke6 56. Nf4+ Kf6 57. h4 Nc5 58. g4 Kg7 59. g5 Nd7 60. Kd4 Nf8 61. Bg4 Nh7 62. Bf5 Nf8 63. Ke5 Ba4 64. Ne6+ Kg8 65. Nxf8 Kxf8 66. Kf6 Kg8 67. g6 Kh8 68. g7+ 1-0


[Site "https://www.chess.com"]

[Event "Titled Tuesday Blitz October 11 Early 2022"]
[White "Hanley, Craig A"]
[Black "Ambartsumova, Karina"]
[WhiteFideId "408514"]
[BlackFideId "4166299"]
[WhiteElo "2439"]
[BlackElo "2299"]
[Result "0-1"]
[Round "07"]
[TimeControl "180+1"]
[Date "2022.10.12"]
[WhiteClock "0:00:42"]
[BlackClock "0:00:41"]

1. d4 Nf6 2. c4 g6 3. g3 Bg7 4. Bg2 O-O 5. Nc3 d6 6. Nf3 c6 7. O-O Bf5 8. Nh4 Be6 9. b3 d5 10. c5 b6 11. cxb6 axb6 12. a4 c5 13. Ba3 Nc6 14. e3 cxd4 15. exd4 Ne4 16. Nb5 Qd7 17. Re1 Rac8 18. f3 Nc3 19. Qd3 Nxb5 20. axb5 Nxd4 21. Rad1 Nc2 0-1


[Site "https://www.chess.com"]